Cogmind - Beta 10.1 --- EXPLORER MODE // 2020.10.19 @ 20:13:18 Player: Darlorth Result: Destroyed by G-47 Trooper with Particle Gun Performance ------------- Evolutions (0) 0 Regions Visited (2) 400 Robots Destroyed (11) 55 Value Destroyed (151) 151 Prototype IDs (0) 0 Alien Tech Used (0) 0 Bonus (0) 0 TOTAL SCORE: 606 Bonus ------- None Cogmind --------- Core Integrity 0/250 Matter 300/300 Energy 100/100 System Corruption 1% Temperature Cool (9) Movement Core (550) Ox10 Location -10/Mines Parts ------- > --- POWER (1) -------- (None) > --- PROPULSION (2) --- (None) > --- UTILITY (2) ------ High-capacity Storage Unit Utility Shielding > --- WEAPON (3) ------- (None) > --- INVENTORY (12) --- High-capacity Storage Unit High-capacity Matter Pod (161) Structural Scanner Rocket Launcher Peak State ------------ > --- POWER ------------ Ion Engine > --- PROPULSION ------- Light Treads Light Treads > --- UTILITY ---------- Structural Scanner Utility Shielding > --- WEAPON ----------- Assault Rifle Light Assault Rifle Light Assault Rifle > --- INVENTORY -------- (None) [Rating: 8] Favorites ----------- Power Ion Engine Engine Ion Engine Propulsion Light Treads Treads Light Treads Wheel Wheel Utility Utility Shielding Device Structural Scanner Storage High-capacity Storage Unit Protection Utility Shielding Weapon Light Assault Rifle Ballistic Gun Light Assault Rifle Build | -11 -10 -10 ------- Run | Scr Mat Min Slots Evolved 1 | . 1 . Power . | . . . Propulsion . | . . . Utility . | . . . Weapon 1 | . 1 . Parts Attached 16 | 7 7 2 Power 1 | 1 . . Engine 1 | 1 . . Core . | . . . Reactor . | . . . Propulsion 7 | 2 4 1 Treads 4 | 2 2 . Leg . | . . . Wheel 3 | . 2 1 Hover . | . . . Flight . | . . . Utility 3 | 2 . 1 Device 1 | 1 . . Storage 1 | . . 1 Processor . | . . . Hackware . | . . . Protection 1 | 1 . . Artifact . | . . . Weapon 5 | 2 3 . Energy Gun . | . . . Energy Cannon . | . . . Ballistic Gun 5 | 2 3 . Ballistic Cannon . | . . . Launcher . | . . . Special Weapon . | . . . Impact Weapon . | . . . Slashing Weapon . | . . . Piercing Weapon . | . . . Special Melee Weapon . | . . . Unidentified Prototypes . | . . . Parts Lost 7 | . . 7 Power 1 | . . 1 Propulsion 3 | . . 3 Utility . | . . . Weapon 3 | . . 3 Highest Loss Streak 6 | . . 6 Average Slot Usage (%) 96 | . 100 87 Engine 11 | . 12 10 Treads 22 | . 24 18 Wheel 1 | . . 2 Device 9 | . 12 . Storage 2 | . . 11 Protection 12 | . 12 12 Ballistic Gun 35 | . 37 29 Naked Turns . | . . . Heaviest Build 42 | 10 11 42 Greatest Support 40 | 40 40 40 Greatest Overweight (x) 10 | . . 10 Average Overweight (x) . | . . 1 Largest Inventory Capacity 12 | 4 4 12 Average Capacity 5 | 4 4 11 Most Carried 5 | 3 4 5 Average Carried 3 | . 2 4 Final Capacity 12 | 4 4 12 Final Carried 4 | 1 4 4 Class Distribution -------------------- 94% | Hacker-Tank 5% | Hacker-Mutant Dominant Class ---------------- Hacker-Tank | -10/Materials Hacker-Tank | -10/Mines Resources | -11 -10 -10 ----------- Run | Scr Mat Min Matter Collected 591 | 230 163 198 Remotely . | . . . Salvage Created 217 | . 206 11 Parts 20 | . 20 . Haulers Intercepted . | . . . Recyclers Shooed 1 | . 1 . Parts Field Recycled . | . . . Retrieved Matter . | . . . Parts Self-Destructed . | . . . Prevented . | . . . Kills | -11 -10 -10 ------- Run | Scr Mat Min Combat Hostiles Destroyed 9 | . 8 1 Guns 9 | . 8 1 Classes Destroyed 5 | . 4 1 Tunneler 1 | . 1 . Watcher 1 | . 1 . Swarmer 6 | . 6 . Grunt 2 | . 2 . Assembled 1 | . . 1 Best Kill Streak 5 | . 5 1 Combat Bots Only 4 | . 4 1 Max Kills in Single Turn 2 | . 2 1 Gunslinging 1 | . 1 . Exploded . | . . . Melee . | . . . Uniques/NPCs Destroyed . | . . . Combat | -11 -10 -10 -------- Run | Scr Mat Min Damage Taken 975 | . 165 810 Core 258 | . 21 237 Absorbed by Shields . | . . . Core Remaining (%) 100 | 100 . . Volleys Fired 21 | . 15 6 Largest 3 | . 3 3 Hottest 60 | . 60 60 Shots Fired 63 | . 45 18 Gun 63 | . 45 18 Cannon . | . . . Launcher . | . . . Special . | . . . Kinetic 63 | . 45 18 Thermal . | . . . Explosive . | . . . Electromagnetic . | . . . Robot Hit Streak 13 | . 13 11 Robot Miss Streak 3 | . 1 3 Penetration Max . | . . . Secondary Targets 3 | . 2 1 Max Gunslinging Chain 1 | . 1 1 Shots Hit Robots 45 | . 31 14 Core Hits 19 | . 14 5 Critical Hits . | . . . Critical Kills . | . . . Critical Parts Destroyed . | . . . Melee Attacks . | . . . Impact . | . . . Slashing . | . . . Piercing . | . . . Sneak Attacks . | . . . Combat Hostiles . | . . . Follow-up Attacks . | . . . Damage Inflicted 455 | . 319 136 Guns 455 | . 319 136 Cannons . | . . . Explosions . | . . . Melee . | . . . Ramming . | . . . Kinetic 455 | . 319 136 Thermal . | . . . Explosive . | . . . Electromagnetic . | . . . Impact . | . . . Slashing . | . . . Piercing . | . . . Highest Corruption 1 | . 1 1 Average Corruption 1 | . 1 1 Corruption Purged . | . . . Effects 6 | . 6 . Message Errors 1 | . 1 . Energy Discharges 1 | . 1 . Data Loss (minor) 3 | . 3 . Targeting Errors 1 | . 1 . Overload Shots . | . . . Overflow Damage . | . . . Projectiles . | . . . Explosions . | . . . Melee . | . . . Knockbacks . | . . . Impact . | . . . Kinetic . | . . . Secondary . | . . . Self-Inflicted Damage . | . . . Shots . | . . . Rammed . | . . . Targets Rammed . | . . . Kicked . | . . . Crushed . | . . . Highest Temperature 142 | . 52 142 Average Temperature 43 | . 19 77 Received Heat Transfer 295 | . 54 241 Siege Activations . | . . . Robots Corrupted . | . . . Combat Hostiles . | . . . Parts Fried . | . . . Impact Corruptions . | . . . Robots Melted . | . . . Combat Hostiles . | . . . Parts Melted . | . . . Heat Transferred . | . . . Parts Sabotaged . | . . . Parts Stolen . | . . . Parts Stripped . | . . . Power Chain Reactions . | . . . Missiles Intercepted . | . . . Alert | -11 -10 -10 ------- Run | Scr Mat Min Peak Influence 172 | . 172 17 Initial 17 | . . 17 Average 37 | . 49 12 Maximum Alert Level . | . . . Low Security (%) 100 | 100 100 100 Level 1 . | . . . Level 2 . | . . . Level 3 . | . . . Level 4 . | . . . Level 5 . | . . . High Security . | . . . Max Security . | . . . Squads Dispatched 1 | . 1 . Investigation 1 | . 1 . Extermination . | . . . Reinforcement . | . . . Assault . | . . . Garrison . | . . . Intercept . | . . . Construction Impeded . | . . . Haulers Reinforced . | . . . Stealth | -11 -10 -10 --------- Run | Scr Mat Min Distress Signals 3 | . 2 1 Communications Jammed . | . . . Distress Signals . | . . . Times Spotted 32 | . 16 16 Peak Tracking Total 8 | . 4 8 Tactical Retreats 3 | . 2 1 Traps | -11 -10 -10 ------- Run | Scr Mat Min Traps Triggered . | . . . Indirectly . | . . . Trap Hack Attempts . | . . . Triggered . | . . . Disarmed . | . . . Reprogrammed . | . . . Reused . | . . . Traps Extracted . | . . . Installed . | . . . Triggered . | . . . Machines | -11 -10 -10 ---------- Run | Scr Mat Min Machines Disabled . | . . . Max in Single Turn . | . . . Machines Sabotaged . | . . . Garrisons Compromised . | . . . Overloaded Fab Kills . | . . . Fab Network Shutdowns . | . . . Hacking | -11 -10 -10 --------- Run | Scr Mat Min Machines Accessed 6 | . 6 . Terminals 5 | . 5 . Fabricators . | . . . Repair Stations . | . . . Recycling Units 1 | . 1 . Scanalyzers . | . . . Garrison Access . | . . . Total Hacks 14 | . 14 . Successful 11 | . 11 . Failed 3 | . 3 . Catastrophic . | . . . Database Lockouts . | . . . Manual 9 | . 9 . Terminals 12 | . 12 . Fabricators . | . . . Repair Stations . | . . . Recycling Units 2 | . 2 . Scanalyzers . | . . . Garrison Access . | . . . Terminal Hacks 6 | . 6 . Branch Access Points 1 | . 1 . Terminal Index 1 | . 1 . Locate Traps 1 | . 1 . Registered Components 1 | . 1 . Registered Prototypes 1 | . 1 . Zone Layout 1 | . 1 . Fabricator Hacks . | . . . Repair Station Hacks . | . . . Recycling Unit Hacks 1 | . 1 . Retrieve Components 1 | . 1 . Scanalyzer . | . . . Garrison Access Hacks . | . . . Unauthorized Hacks 4 | . 4 . Terminals 3 | . 3 . Track 1 | . 1 . Botnet 1 | . 1 . Disrupt 1 | . 1 . Fabricators . | . . . Repair Stations . | . . . Recycling Units 1 | . 1 . Recyclers 1 | . 1 . Scanalyzers . | . . . Garrison Access . | . . . Data Cores Recovered . | . . . Used . | . . . Hacking Detections 3 | . 3 . Full Trace Events 2 | . 2 . Feedback Events 1 | . 1 . Corruption 1 | . 1 . Feedback Blocked . | . . . Robot Schematics Acquired . | . . . Robots Built . | . . . Matter . | . . . Time . | . . . Total Robot Build Rating . | . . . Part Schematics Acquired . | . . . Parts Built . | . . . Matter . | . . . Time . | . . . Total Part Build Rating . | . . . Parts Repaired . | . . . Time . | . . . Parts Recycled . | . . . Recycled Matter . | . . . Retrieved Matter . | . . . Retrieved Components . | . . . Parts Scanalyzed . | . . . Part Schematics Acquired . | . . . Parts Damaged . | . . . Bothacking | -11 -10 -10 ------------ Run | Scr Mat Min Used RIF Installer . | . . . Robots Hacked . | . . . Non-combat . | . . . Combat . | . . . Robot Hacks Applied . | . . . Relay Couplers Released . | . . . Robots Rewired . | . . . Allies Hacked . | . . . Hacks Repelled . | . . . Allies | -11 -10 -10 -------- Run | Scr Mat Min Total Allies . | . . . Largest Group . | . . . Highest-Rated Group . | . . . Highest-Rated Ally . | . . . Total Orders . | . . . Ally Attacks . | . . . Total Damage . | . . . Kills . | . . . Allies Corrupted . | . . . Allies Melted . | . . . Intel | -11 -10 -10 ------- Run | Scr Mat Min Robot Analysis Total . | . . . Derelict Logs Recovered . | . . . Drone Launches . | . . . Drone Recoveries . | . . . Exploration | -11 -10 -10 ------------- Run | Scr Mat Min Turns Passed 1126 | 80 781 265 Spaces Moved 616 | 48 417 151 Core 13 | 10 . 3 Treads 546 | 38 412 96 Legs . | . . . Wheels 57 | . 5 52 Hover . | . . . Flight . | . . . Fastest Speed 50 | 50 80 110 Average Speed 158 | 137 159 163 Slowest Speed 550 | 160 160 550 Overloaded Moves . | . . . Propulsion Burnouts . | . . . Robots Hopped . | . . . Cave-ins Triggered . | . . . Exploration Rate (%) 35 | 4 62 39 Regions Visited 2 Branch Regions 1 Pre-discovered Areas . | . . . Known Exits Taken 2 | 1 1 . Unknown Exits Taken . | . . . Scrap Searched . | . . . Spaces Dug . | . . . Terrain Destroyed . | . . . Melee . | . . . Projectile . | . . . AOE . | . . . Terrain Rammed . | . . . Walls Destroyed . | . . . Machines Disabled . | . . . Actions | -11 -10 -10 --------- Run | Scr Mat Min Total 729 | 62 507 160 Wait 59 | . 59 . Move 614 | 47 416 151 Hop . | . . . Pick Up 15 | 8 6 1 Fast Attach . | . . . Attach 9 | 7 1 1 Detach . | . . . Swap 7 | . 6 1 Drop 4 | . 4 . Fire 21 | . 15 6 Melee . | . . . Ram . | . . . Kick . | . . . Crush . | . . . Escape Stasis . | . . . Rewire . | . . . Trap . | . . . Miscellaneous . | . . . Route ------- -11/Scrapyard -10/Materials (discovered 3 exits: *Mat x2 / *Min) -10/Mines History --------- Turn | Location | Event 5 | -11/Scrapyard | Identified exit to Materials 5 | -11/Scrapyard | Discovered exit to Materials (range 16) 81 | -11/Scrapyard | Entered Materials 81 | -10/Materials | Evolved 1 slot: Weapon x1 312 | -10/Materials | Build established: Hacker-Tank 546 | -10/Materials | Identified exit to Materials 546 | -10/Materials | Discovered exit to Materials (range 6) 650 | -10/Materials | Identified exit to Mines 779 | -10/Materials | Discovered exit to Materials (range 16) 862 | -10/Materials | Entered Mines 869 | -10/Mines | Received a Rocket Launcher from a helpful Derelict 997 | -10/Mines | Assembled infested the area 1084 | -10/Mines | Core integrity fell below 50% 1112 | -10/Mines | Lost 6 parts (1p2n3w) 1117 | -10/Mines | Core integrity fell below 20% 1127 | -10/Mines | Destroyed by G-47 Trooper with Particle Gun Last Messages --------------- 01073_ K-01 Serf collects debris. 01075_ The unstable cave ceiling collapses. 01075_ U-05 Engineer destroyed. 01076_ K-01 Serf collects debris. 01076_ Assault Rifle destroyed. 01079_ The unstable cave ceiling collapses. 01079_ D-53 Grenadier system corrupted by crushing effect. 01079_ K-01 Serf collects debris. 01081_ Lgt. Assault Rifle destroyed. 01081_ Ion Engine destroyed. 01083_ R-06 Scavenger destroyed. 01083_ R-06 Scavenger collects Tractor Beam. 01084_ The unstable cave ceiling collapses. 01084_ T-07 Excavator destroyed. 01088_ The unstable cave ceiling collapses. 01088_ D-53 Grenadier destroyed. 01091_ The unstable cave ceiling collapses. 01112_ Wheel destroyed. 01112_ G-34 Mercenary destroyed. 01126_ R-06 Scavenger collects Cmb. Airjet. Map ----- +----------------------------------------------------+ | | | | | | | | | | | | | | | | | ?????????????????????????????????????? | | ???????????????????####??????????????? | | ?????????????????## ##?????????????? | | ?????????????#### #?????????????? | | ?????????????# #?????????? ? | | ???????????### ##????????# | | ??????????## # ####?????????# " | | ??????????# #????????????? " | | ?????????## #????????????? " | | ????????## d ###????????????? | | ???????## #???????????????? " | | ???????# ##???????????????? " | | ???????# #???????????????? " | | ??????## ########????????? | | ??????# # ##??##??### #? | | ??????# %= # ### #### ## | | ??????# g# # # | | ??????## @ | | ???????### ## !% ## | | ?????????###?# # rr% %t | | ?????????????# # # # | | ?????????????# ### # | | ????????????? #?##### # | | ?????????????# #??????## ## # | | ?????????????# #???????#### ### ##### | | ?????????????# #??????????###?# #??# | | ?????????????# #??????????????# #??## | | ?????????????? #??????????????# #???# | | ?????????????? #??????????????# #???# | | ?????????????? #??????????????# #???# | | ???????????????????????????????# #???# | | ???????????????????????????????# #???? | | ???????????????????????????????? ????? | | ???????????????????????????????? ????? | | ???????????????????????????????? ????? | | ?????????????????????????????????????? | | ?????????????????????????????????????? | | ?????????????????????????????????????? | | ?????????????????????????????????????? | | ?????????????????????????????????????? | | ?????????????????????????????????????? | | ?????????????????????????????????????? | +----------------------------------------------------+ Best States ------------- Heat Dissipation 25 Energy Generation 10 Energy Capacity 250 Matter Stores 300 Matter Capacity 300 Sight Range 16 Terrain Scan Density 10 Resistance: KI 35 Resistance: TH 35 Resistance: EX 35 Resistance: EM 35 Resistance: I 35 Resistance: S 35 Resistance: P 35 Utility Shielding 33 Evasion (%) 40 Recoil Reduction 2 Offensive Hacking 20 Item Schematics ----------------- None Robot Schematics ------------------ None Fabricated ------------ Nothing Alien Tech Used ----------------- None Achievements -------------- None Challenges ------------ None Game ------ Seed StorageCoordinationBeam Manual? 0 Play Time 00:14:41 Cumulative 119.4 hours Start 2020.10.19 @ 19:57:03 End 2020.10.19 @ 20:13:18 Sessions 1 Manual Loads 0 Difficulty Explorer Special Mode None Game No. 147 Rogue 102 Adventurer 2 Explorer 43 Win Type - Total 2 Types 1/0/1/0/0/0/0/0/0 Lore% 27 Gallery% 58 Achievement% 48 Wizard Run 0 Options --------- ASCII 0 Keyboard 0 Movement Mouse Keybinds 0 Fullscreen 1 Font 12/Terminus Map View 83x54 Tactical HUD 1 Map Filters NONE Filters NONE Steam 1 RUN: be62b748-34d3-45c5-91d0-d2b6eac2648f